[Event "Team 45 45 League T50"]
[Site "Internet Chess Club"]
[Date "2011.09.02"]
[Round "4"]
[White "eurander"]
[Black "tsia68"]
[Result "1-0"]
[WhiteElo "2128"]
[BlackElo "1835"]
[Opening "Pirc defense"]
[ECO "B07"]
[Time "16:01:05"]
[TimeControl "2700+45"]

1. e4 d6 2. d4 Nf6 3. Bd3 e5 4. c3 d5 5. dxe5 Nxe4 6. Nf3 Be7 7. Bxe4 dxe4 8.
Qa4+ Bd7 9. Qxe4 Bc6 10. Qg4 Kf8 11. O-O Nd7 12. Bf4 h6 13. Nd4 g5 14. Bg3 h5
15. Qf5 h4 16. Ne6+ {Black resigns} 1-0

[Event "Team 45 45 League T50"]
[Site "Internet Chess Club"]
[Date "2011.09.02"]
[Round "4"]
[White "Duguesclin"]
[Black "kidviper"]
[Result "0-1"]
[WhiteElo "1676"]
[BlackElo "1934"]
[Opening "QGD semi-Slav: 5...Nd7"]
[ECO "D45"]
[Time "16:00:38"]
[TimeControl "2700+45"]

1. d4 Nf6 2. c4 c6 3. Nc3 d5 4. e3 e6 5. Nf3 Nbd7 6. cxd5 exd5 7. Bd3 Bd6 8. O-O
O-O 9. e4 dxe4 10. Nxe4 Nxe4 11. Bxe4 Nf6 12. Bc2 h6 13. Qd3 a5 14. Be3 Re8 15.
h3 Ne4 16. Rfe1 Bf5 17. Qb3 Qc7 18. Rac1 Be6 19. Qd3 Bd5 20. Bb3 Nf6 21. Ne5
Bxb3 22. Qxb3 Bxe5 23. dxe5 Rxe5 24. Bc5 Rae8 25. Red1 Nd5 26. Qg3 Qc8 27. f4
Rf5 28. Bd4 f6 29. Rf1 Re4 30. Qd3 Rexf4 31. Rxf4 Nxf4 32. Qc4+ Qe6 33. Qxe6+
Nxe6 34. Bc3 Nf4 35. Re1 Kf7 36. Kh2 Rb5 37. b3 Nd3 38. Rd1 Ne5 39. g4 Ke6 40.
Rd8 Rc5 41. Bxe5 Rxe5 42. Re8+ Kd5 43. Ra8 Re2+ 44. Kg3 Rxa2 45. Ra7 b5 46. Rxg7
Ra3 47. Rg6 Rxb3+ 48. Kh4 a4 49. Rxf6 a3 50. Rf2 Rb2 51. Rf3 b4 52. Kh5 a2 53.
Rf5+ Kc4 54. Ra5 b3 55. Kxh6 Rb1 56. h4 a1=Q 57. Rxa1 Rxa1 58. g5 b2 59. g6 Rg1
60. h5 b1=Q 61. g7 Rxg7 62. Kxg7 Qh1 63. h6 Kb3 {White resigns} 0-1

[Event "Team 45 45 League T50"]
[Site "Internet Chess Club"]
[Date "2011.09.03"]
[Round "4"]
[White "Timotheous"]
[Black "zap2"]
[Result "0-1"]
[WhiteElo "1650"]
[BlackElo "1790"]
[Opening "English opening"]
[ECO "A05"]
[Time "15:00:42"]
[TimeControl "2700+45"]

1. Nf3 Nf6 2. c4 d6 3. b4 g6 4. Bb2 Bg7 5. g3 O-O 6. Bg2 Nbd7 7. O-O Re8 8. d3
e5 9. Nfd2 Qe7 10. Qb3 a6 11. Nc3 c6 12. a3 Nf8 13. Qc2 Be6 14. Nb3 Rad8 15.
Rad1 Qd7 16. d4 exd4 17. Nxd4 Bh3 18. Nf3 Bxg2 19. Kxg2 Qg4 20. Rd4 Qe6 21. Rfd1
h6 22. c5 d5 23. R4d3 Ne4 24. Re3 Bxc3 25. Bxc3 Qf5 26. Rf1 Qh5 27. Qb2 Nxc3 28.
Rxc3 Re4 29. Rd3 Rde8 30. Re1 Nd7 31. Nd4 Ne5 32. Rc3 Rxd4 {White resigns} 0-1

[Event "Team 45 45 League T50"]
[Site "Internet Chess Club"]
[Date "2011.09.02"]
[Round "4"]
[White "Ayensa80"]
[Black "kidcobra"]
[Result "1-0"]
[WhiteElo "1748"]
[BlackElo "1607"]
[Opening "Ruy Lopez: old Steinitz defense"]
[ECO "C62"]
[Time "16:30:08"]
[TimeControl "2700+45"]

1. e4 e5 2. Nf3 Nc6 3. Bb5 d6 4. d4 Bd7 5. Bxc6 Bxc6 6. d5 Bd7 7. O-O Nf6 8. Re1
c6 9. c4 c5 10. a4 b6 11. h3 Be7 12. Nc3 h6 13. Nh2 Qc8 14. f4 Rg8 15. fxe5 dxe5
16. Nf3 Bd6 17. Nb5 Bxb5 18. axb5 g5 19. g4 Qd7 20. Qe2 h5 21. Nh2 hxg4 22. Nxg4
Nxg4 23. hxg4 Rh8 24. Kg2 f6 25. Rh1 Rxh1 26. Kxh1 Qh7+ 27. Kg2 Ke7 28. Be3
Qxe4+ 29. Kg3 Qh7 30. Kg2 Qe4+ 31. Kg3 Qh7 32. Kf3 e4+ 33. Kg2 Qh2+ 34. Kf1 Rh8
35. Rxa7+ Kd8 36. Ra8+ Ke7 37. Rxh8 Qxh8 38. Qg2 Qh7 39. b4 Bf4 40. Bxf4 gxf4
41. bxc5 f3 42. Qg3 Qh1+ 43. Kf2 Qd1 44. Qd6+ Kf7 45. Qe6+ Kg7 46. Qe7+ Kg8 47.
Qxe4 bxc5 48. Qg6+ Kh8 49. Qxf6+ Kh7 50. Qxf3 Qd2+ 51. Kg3 Qe1+ 52. Kf4 Qd2+ 53.
Qe3 Qh2+ 54. Kf5 Qc7 55. Qe6 Qg3 56. Qe4 Qf2+ 57. Kg5+ Kh8 58. Qe5+ Kg8 59. Qe6+
Kg7 60. Qg6+ Kh8 61. Qf6+ Qxf6+ 62. Kxf6 Kg8 63. d6 Kh7 64. d7 Kh6 65. d8=Q Kh7
66. Qe7+ Kh6 67. Qg7# {Black checkmated} 1-0

[Event "Team 45 45 League T50"]
[Site "Internet Chess Club"]
[Date "2011.09.04"]
[Round "4"]
[White "subterfuge"]
[Black "Magagna"]
[Result "0-1"]
[WhiteElo "1737"]
[BlackElo "1948"]
[Opening "QGD: 4.Nf3"]
[ECO "D37"]
[Time "15:05:19"]
[TimeControl "2700+45"]

1. d4 Nf6 2. c4 e6 3. Nc3 d5 4. Nf3 Nbd7 5. cxd5 exd5 6. Bg5 c6 7. a3 Bd6 8. e3
O-O 9. Bd3 Re8 10. Qc2 Qc7 11. b4 b5 12. Rc1 Qb6 13. O-O Bb7 14. Nh4 h6 15. Bxf6
Nxf6 16. Nf5 Rad8 17. Qd1 Bc8 18. Qf3 Bxf5 19. Qxf5 a5 20. Rb1 Qc7 21. h3 axb4
22. axb4 Qe7 23. Rfc1 Ra8 24. Rc2 Ra3 25. Ne2 g6 26. Qf3 Rxd3 27. Rxc6 Ne4 28.
Rbc1 Kg7 29. Nf4 Bxf4 30. Qxf4 Qg5 31. Qc7 Nxf2 32. Rf1 Rd1 33. Rc2 Nxh3+ {White
resigns} 0-1

[Event "Team 45 45 League T50"]
[Site "Internet Chess Club"]
[Date "2011.09.08"]
[Round "4"]
[White "Killian"]
[Black "loserloser"]
[Result "1-0"]
[WhiteElo "1754"]
[BlackElo "1767"]
[Opening "Scandinavian (center counter) defense"]
[ECO "B01"]
[Time "13:00:59"]
[TimeControl "2700+45"]

1. e4 d5 2. Nc3 dxe4 3. Nxe4 e5 4. Nf3 f5 5. Ng3 Bd6 6. d4 e4 7. Bg5 Nf6 8. Ng1
Qe7 9. Nh5 Nbd7 10. Bc4 h6 11. Nxf6+ Nxf6 12. Bxf6 Qxf6 13. Ne2 Bd7 14. Qd2 g5
15. O-O-O f4 16. Kb1 O-O-O 17. Nc3 Rhe8 18. Rhe1 Bg4 19. Nxe4 Rxe4 20. Rxe4 Bxd1
21. Qxd1 Qf5 22. f3 g4 23. Be6+ {Black resigns} 1-0

[Event "Team 45 45 League T50"]
[Site "Internet Chess Club"]
[Date "2011.09.04"]
[Round "4"]
[White "Muravey"]
[Black "TwoEqualsOne"]
[Result "0-1"]
[WhiteElo "1524"]
[BlackElo "1702"]
[Opening "Nimzovich-Larsen attack: modern variation"]
[ECO "A01"]
[Time "18:33:06"]
[TimeControl "2700+45"]

1. b3 e5 2. Bb2 d6 3. e3 Nf6 4. Nf3 Bg4 5. h3 Bh5 6. d3 Be7 7. Nbd2 O-O 8. g3
Nc6 9. Bg2 h6 10. O-O Nd7 11. c4 f5 12. Qc2 Bf6 13. a3 Qe7 14. Nh2 Nd8 15. Rae1
c6 16. d4 e4 17. g4 Bf7 18. gxf5 d5 19. cxd5 cxd5 20. Rc1 Nc6 21. Qd1 Rac8 22.
Qe2 Bg5 23. Rc3 Bf6 24. Kh1 a6 25. f3 exf3 26. Bxf3 Rfe8 27. Qg2 Qd6 28. Ng4 Kh8
29. Rg1 Ne7 30. e4 Qb6 31. e5 Nxf5 32. exf6 Nxf6 33. Nxf6 Qxf6 34. Rxc8 Rxc8 35.
Bg4 Ne3 36. Qe2 Nxg4 37. Qxg4 Rc2 38. Bc1 Rc3 39. Rf1 Qe7 40. Kh2 Be6 41. Qf4
Rxh3+ 42. Kg2 Kh7 43. Re1 Rc3 44. Kf2 g5 45. Qf5+ Bxf5 46. Rxe7+ Kg6 47. Re1 g4
48. Rg1 h5 49. b4 h4 50. Ke2 g3 51. Bb2 Rc2 52. Ba1 Kh5 53. Ke3 h3 54. Nf3 h2
55. Rh1 Be4 56. Kf4 Rf2 57. Kxg3 Rxf3+ 58. Kxh2 Rxa3 59. Rc1 Rb3 60. Bc3 Kg4 61.
Be1 Kf3 62. Rc7 b5 63. Ra7 Ke2 64. Bg3 Rxb4 65. Rxa6 Rxd4 66. Rb6 Bd3 67. Re6+
Re4 68. Rf6 b4 69. Rf2+ Kd1 70. Kh3 b3 71. Rb2 Bc2 72. Bh4 Rxh4+ 73. Kxh4 Kc1
74. Rxb3 Bxb3 75. Kg3 d4 76. Kf2 d3 77. Ke3 d2 {White resigns} 0-1

[Event "Team 45 45 League T50"]
[Site "Internet Chess Club"]
[Date "2011.09.04"]
[Round "4"]
[White "ILRE"]
[Black "rayonline53"]
[Result "1/2-1/2"]
[WhiteElo "1714"]
[BlackElo "1550"]
[Opening "Ruy Lopez: closed, anti-Marshall 8.a4"]
[ECO "C88"]
[Time "18:31:55"]
[TimeControl "2700+45"]

1. e4 e5 2. Nf3 Nc6 3. Bb5 a6 4. Ba4 Nf6 5. O-O Be7 6. Re1 b5 7. Bb3 O-O 8. a4
Bb7 9. d3 d6 10. axb5 axb5 11. Rxa8 Qxa8 12. Nc3 Ba6 13. Bd2 Na5 14. Nd5 Nxd5
15. Bxa5 Nb6 16. Qe2 Qb8 17. Bd2 c5 18. c4 b4 19. Bg5 Qc7 20. Bxe7 Qxe7 21. g3
Bb7 22. Ra1 Ra8 23. Rxa8+ Bxa8 24. Nh4 g6 25. Bd1 Bc6 26. b3 Bd7 27. Qa2 Bc8 28.
Qa5 Qb7 29. Be2 Qa6 {Game drawn by mutual agreement} 1/2-1/2

[Event "Team 45 45 League T50"]
[Site "Internet Chess Club"]
[Date "2011.09.09"]
[Round "4"]
[White "TerryMalloy"]
[Black "ben622"]
[Result "1/2-1/2"]
[WhiteElo "1963"]
[BlackElo "1961"]
[Opening "Grünfeld defense"]
[ECO "D80"]
[Time "16:31:18"]
[TimeControl "2700+45"]

1. d4 Nf6 2. c4 g6 3. Nc3 d5 4. e3 Bg7 5. Qb3 dxc4 6. Bxc4 O-O 7. Nf3 Nfd7 8.
O-O Nb6 9. Be2 Be6 10. Qc2 Nc6 11. a3 Na5 12. b4 Nb3 13. Rb1 Nxc1 14. Rbxc1 a5
15. b5 a4 16. Ne4 Bd5 17. Ned2 Rc8 18. e4 Be6 19. d5 Bd7 20. Rfd1 c6 21. dxc6
bxc6 22. bxc6 Rxc6 23. Qb1 Rxc1 24. Rxc1 Bh6 25. Rc2 Be6 26. Rb2 Nd7 27. Nd4 Nc5
28. Nxe6 Nxe6 29. Nf3 Qd6 30. Rb4 Nc5 31. g3 Bg7 32. Kg2 Rd8 33. Qc2 {Game drawn
by mutual agreement} 1/2-1/2

[Event "Team 45 45 League T50"]
[Site "Internet Chess Club"]
[Date "2011.09.05"]
[Round "4"]
[White "universe"]
[Black "JeeniousChess"]
[Result "0-1"]
[WhiteElo "2019"]
[BlackElo "1874"]
[Opening "Sicilian: Scheveningen (Paulsen), classical variation"]
[ECO "B84"]
[Time "12:00:20"]
[TimeControl "2700+45"]

1. e4 c5 2. Nf3 d6 3. d4 cxd4 4. Nxd4 Nf6 5. Nc3 a6 6. Be2 e6 7. O-O b5 8. Be3
Bb7 9. f3 Qc7 10. Qd2 Nbd7 11. a4 b4 12. Na2 d5 13. Nxb4 dxe4 14. Nb3 exf3 15.
Bxf3 Bxf3 16. Rxf3 Ne5 17. Rf4 Neg4 18. Re1 Bxb4 19. Rxb4 Qxh2+ 20. Kf1 O-O 21.
Bg1 Qh4 22. Nd4 Nh5 23. Ke2 Rfd8 {White resigns} 0-1

[Event "Team 45 45 League T50"]
[Site "Internet Chess Club"]
[Date "2011.09.04"]
[Round "4"]
[White "Otelo"]
[Black "Boromir"]
[Result "1/2-1/2"]
[WhiteElo "1839"]
[BlackElo "1918"]
[Opening "Caro-Kann: Steinitz variation"]
[ECO "B17"]
[Time "16:00:09"]
[TimeControl "2700+45"]

1. e4 c6 2. d4 d5 3. Nd2 dxe4 4. Nxe4 Nd7 5. Bc4 e6 6. Qe2 Ngf6 7. Ng5 Nb6 8.
Bb3 a5 9. c3 a4 10. Bc2 Bd6 11. N1f3 Nbd5 12. Ne5 O-O 13. a3 h6 14. Ngf3 Qc7 15.
O-O b5 16. Bd2 Bb7 17. Rae1 Rad8 18. h3 Nb6 19. Nh2 c5 20. Bf4 cxd4 21. cxd4
Nbd5 22. Bc1 Qb6 23. Nhf3 Rc8 24. Bd3 Ba6 25. Bd2 Rc7 26. Rc1 Rfc8 27. Rxc7 Rxc7
28. Rc1 Rxc1+ 29. Bxc1 Qc7 30. Qc2 Qxc2 31. Bxc2 Nb6 32. Bd3 Nc4 33. Kf1 Nd5 34.
Nc6 Bb7 35. Nce5 Ndb6 36. Ke2 Kf8 37. Nxc4 Nxc4 38. Nd2 Nxd2 39. Bxd2 Bc6 40. g3
Ke7 41. Ke3 f6 42. h4 g5 43. hxg5 hxg5 44. g4 Kd7 45. Bg6 Ke7 46. Bd3 Kd7 47.
Bg6 Ke7 48. Bd3 {Game drawn by repetition} 1/2-1/2

[Event "Team 45 45 League T50"]
[Site "Internet Chess Club"]
[Date "2011.09.03"]
[Round "4"]
[White "FlyingTiger"]
[Black "Magagna"]
[Result "1-0"]
[WhiteElo "1874"]
[BlackElo "1940"]
[Opening "Petrov: Nimzovich attack"]
[ECO "C42"]
[Time "21:17:54"]
[TimeControl "2700+45"]

1. e4 e5 2. Nf3 Nf6 3. Nxe5 d6 4. Nf3 Nxe4 5. Nc3 Nxc3 6. dxc3 Be6 7. Ng5 Be7 8.
Nxe6 fxe6 9. Qg4 O-O 10. Qxe6+ Kh8 11. Be3 Bh4 12. g3 Re8 13. Qh3 Bg5 14. Bd3 g6
15. O-O-O Qd7 16. Qg2 Bxe3+ 17. fxe3 Nc6 18. Be4 Re5 19. Rd5 Qe6 20. Rxe5 Qxe5
21. Bxc6 Qxe3+ 22. Kb1 bxc6 23. Qxc6 Re8 24. Qd5 Qe1+ 25. Qd1 Qxd1+ 26. Rxd1 Re2
27. b4 Rxh2 28. Re1 Rf2 29. Re7 Rf3 30. Rxc7 Rxg3 31. Rxa7 Rxc3 32. b5 Rc8 33.
Rd7 Rc5 34. a4 Rc4 35. a5 Rb4+ 36. Kc1 Rxb5 37. a6 Ra5 38. a7 h5 39. Rb7 h4 40.
Rb8+ Kg7 41. a8=Q Rxa8 42. Rxa8 g5 43. Kd2 Kg6 44. Ke2 g4 45. Kf2 Kg5 46. Ra4
{Black resigns} 1-0

[Event "Team 45 45 League T50"]
[Site "Internet Chess Club"]
[Date "2011.09.04"]
[Round "4"]
[White "xec"]
[Black "Justi"]
[Result "1-0"]
[WhiteElo "2234"]
[BlackElo "2128"]
[Opening "French: King's Indian attack"]
[ECO "C00"]
[Time "16:00:10"]
[TimeControl "2700+45"]

1. e4 e6 2. d3 d5 3. Nd2 Nf6 4. g3 dxe4 5. dxe4 Bc5 6. Bg2 Nc6 7. Ngf3 O-O 8.
O-O b6 9. e5 Nd7 10. Nb3 Be7 11. Nfd4 Nxd4 12. Nxd4 Ba6 13. Re1 Nxe5 14. Bxa8
Qxa8 15. Rxe5 Bf6 16. Re1 Rd8 17. c3 c5 18. Qa4 Bb7 19. Nc2 Bh1 20. Ne3 Rd3 21.
Qc2 c4 22. Rd1 Be4 23. Rxd3 cxd3 24. Qa4 Bf3 25. Qd7 Be2 26. Bd2 h5 27. Nc4 Qf3
28. Nd6 h4 29. Qxf7+ Kh8 30. Qxe6 hxg3 31. hxg3 g6 32. Nf7+ Kh7 33. Qd7 Kg8 34.
Nh6+ Kh8 35. Qe8+ {Black resigns} 1-0

[Event "Team 45 45 League T50"]
[Site "Internet Chess Club"]
[Date "2011.09.05"]
[Round "4"]
[White "jorobo"]
[Black "carokantor"]
[Result "0-1"]
[WhiteElo "1962"]
[BlackElo "1982"]
[Opening "English: four knights, kingside fianchetto"]
[ECO "A29"]
[Time "22:01:26"]
[TimeControl "2700+45"]

1. c4 e5 2. Nc3 Nf6 3. Nf3 Nc6 4. g3 Bb4 5. Bg2 O-O 6. O-O e4 7. Ng5 Bxc3 8.
bxc3 Re8 9. f3 e3 10. d3 d5 11. Qb3 Na5 12. Qa3 c6 13. cxd5 cxd5 14. f4 Bg4 15.
Nf3 Nc6 16. h3 Bxf3 17. Bxf3 Rc8 18. Rb1 b6 19. Bb2 Rc7 20. Rfc1 Qd7 21. Kg2 Ne7
22. c4 d4 23. c5 bxc5 24. Rxc5 Rxc5 25. Qxc5 Rb8 26. a4 h6 27. Qc2 Nf5 28. Rc1
Ne7 29. Ba3 Ned5 30. Bb2 Ne7 31. Qc7 Rxb2 32. Qxd7 Nxd7 33. Rc7 Nb6 34. Rxe7
Nxa4 35. Rd7 Nc3 36. Rxd4 a5 37. Rd8+ Kh7 38. Ra8 a4 39. g4 g6 40. Kf1 Rb3 41.
Be4 a3 42. f5 a2 43. fxg6+ fxg6 44. Ra7+ Kh8 45. Ra8+ Kg7 46. Ra7+ Kf6 47. Ra6+
Ke5 48. Ra5+ Kf4 49. Bxg6 Kg3 {White resigns} 0-1

[Event "Team 45 45 League T50"]
[Site "Internet Chess Club"]
[Date "2011.09.02"]
[Round "4"]
[White "McKnights"]
[Black "cesaralexander"]
[Result "0-1"]
[WhiteElo "1889"]
[BlackElo "1930"]
[Opening "French: exchange variation"]
[ECO "C01"]
[Time "22:18:41"]
[TimeControl "2700+45"]

1. e4 e6 2. d4 d5 3. exd5 exd5 4. c4 Nf6 5. Nc3 Be7 6. Bd3 dxc4 7. Bxc4 c6 8.
Nge2 O-O 9. O-O Bg4 10. f3 Bh5 11. Nf4 Bg6 12. Nxg6 hxg6 13. Re1 Nbd7 14. Bg5
Nb6 15. Bb3 Nfd5 16. Bxe7 Nxe7 17. Qe2 Qxd4+ 18. Kh1 Nf5 19. Rad1 Qh4 20. Kg1
Nd4 21. Qe4 Qxe4 22. Rxe4 Nxb3 23. axb3 Rfe8 24. Kf2 Rxe4 25. Nxe4 Nd5 26. Nd6
Rb8 27. Re1 Kf8 28. Re4 b6 29. Rh4 Ke7 30. Nc4 f6 31. g3 Rd8 32. Re4+ Kf7 33.
Rd4 g5 34. Ne3 Ke6 35. Re4+ Kf7 36. Rd4 g6 37. Ng4 Re8 38. h4 gxh4 39. gxh4 f5
40. Nh2 Kf6 41. Nf1 f4 42. Nd2 Rh8 43. Ke2 Rxh4 44. Kd3 Rh1 45. Ne4+ Ke5 46. Nd2
b5 47. b4 Re1 48. Re4+ Rxe4 49. Nxe4 Nxb4+ 50. Kc3 a5 51. Nc5 Nd5+ 52. Kd3 a4
53. Ne4 Nb6 54. Kc3 Nd5+ 55. Kd3 Nb4+ 56. Kc3 Na2+ 57. Kd3 Nc1+ 58. Kd2 Nb3+ 59.
Kc3 Nd4 60. Nd2 Kd5 61. Kd3 Nb3 62. Ne4 Nc5+ 63. Nxc5 Kxc5 64. Ke4 Kb4 65. Kxf4
Kb3 66. Kg5 Kxb2 67. Kxg6 a3 68. f4 a2 69. f5 a1=Q 70. f6 Qg1+ 71. Kh7 Qf1 72.
Kg7 Qxf6+ 73. Kxf6 c5 74. Ke5 Kb3 75. Kd5 c4 76. Kd4 c3 77. Kd3 Kb2 78. Kd4 c2
79. Kc5 c1=Q+ 80. Kxb5 {White resigns} 0-1

[Event "Team 45 45 League T50"]
[Site "Internet Chess Club"]
[Date "2011.09.04"]
[Round "4"]
[White "azbycx"]
[Black "dstavila"]
[Result "0-1"]
[WhiteElo "1757"]
[BlackElo "1527"]
[Opening "Queens pawn game"]
[ECO "A46"]
[Time "23:05:58"]
[TimeControl "2700+0"]

1. d4 Nf6 2. Nf3 e6 3. g3 d5 4. Bg2 c5 5. O-O Nc6 6. c4 b6 7. Nc3 Bb7 8. Bg5 Be7
9. dxc5 bxc5 10. Bxf6 Bxf6 11. cxd5 exd5 12. Nxd5 O-O 13. Nxf6+ Qxf6 14. Qc2
Rac8 15. Rac1 Nb4 16. Qc3 Nxa2 17. Qxf6 gxf6 18. Ra1 Bd5 19. Nd2 Be6 20. b3 Nc3
21. Bf3 Rc7 22. Ra5 Rd8 23. Nc4 Rb8 24. Rc1 Rxb3 25. Nd2 Nxe2+ 26. Bxe2 Rb2 27.
Ne4 Rxe2 28. Nxf6+ Kh8 29. Nh5 Bg4 30. Nf4 Re5 31. Kg2 Kg7 32. h3 Be6 33. Nd3
Bd5+ 34. Kf1 Re4 35. Nf4 Rc4 36. Rd1 Bf3 37. Rda1 Rd4 38. Ke1 Rcd7 39. Ne2 Re7
40. R5a2 Rde4 41. Kf1 Rxe2 42. Rxe2 Rxe2 43. Rxa7 Rb2 44. Kg1 Rb1+ 45. Kh2 Rh1#
{White checkmated} 0-1

[Event "Team 45 45 League T50"]
[Site "Internet Chess Club"]
[Date "2011.09.03"]
[Round "4"]
[White "Gregorio"]
[Black "CamLeslie"]
[Result "1-0"]
[WhiteElo "1923"]
[BlackElo "1858"]
[Opening "English: symmetrical variation"]
[ECO "A37"]
[Time "10:05:21"]
[TimeControl "2700+45"]

1. c4 c5 2. g3 g6 3. Bg2 Bg7 4. Nc3 Nc6 5. Nf3 d6 6. a3 e5 7. O-O Nge7 8. Rb1
O-O 9. b4 f5 10. Nd5 h5 11. d3 f4 12. Ng5 Nf5 13. gxf4 exf4 14. Bxf4 Nh4 15. Qd2
Nd4 16. Be4 Rxf4 17. Kh1 Rf8 18. bxc5 dxc5 19. f4 Nhf5 20. Rg1 Qd6 21. Nc3 Rb8
22. Bd5+ Be6 23. Nxe6 Nxe6 24. Ne4 Qa6 25. Rxg6 Rbe8 26. Nxc5 Qxa3 27. Nxe6
{Black resigns} 1-0

[Event "Team 45 45 League T50"]
[Site "Internet Chess Club"]
[Date "2011.09.02"]
[Round "4"]
[White "Saixua"]
[Black "alexping"]
[Result "0-1"]
[WhiteElo "1886"]
[BlackElo "1900"]
[Opening "French: Steinitz, Boleslavsky variation"]
[ECO "C11"]
[Time "12:02:34"]
[TimeControl "2700+45"]

1. e4 e6 2. d4 d5 3. Nc3 Nf6 4. e5 Nfd7 5. f4 c5 6. Nf3 Nc6 7. Be3 Qa5 8. Be2
cxd4 9. Nxd4 Bb4 10. O-O Bxc3 11. Nb3 Qc7 12. bxc3 O-O 13. Bc1 f6 14. Ba3 Rd8
15. Bd6 Qb6+ 16. Nd4 fxe5 17. Rb1 Qxb1 18. Qxb1 exd4 19. cxd4 Nxd4 20. Bd3 Nf5
21. Bxf5 exf5 22. Qb3 Nb6 23. Bc7 Re8 24. Bxb6 axb6 25. Qxd5+ Be6 26. Qxb7 Rab8
27. Qa6 Red8 28. Qb5 g6 29. a4 Rdc8 30. Qe5 Kf7 31. Rd1 Ra8 32. Rd6 Re8 33. Rxb6
Rxa4 34. Rb7+ Re7 35. Rxe7+ Kxe7 36. Qg7+ Bf7 37. Qe5+ Be6 38. Qc7+ Bd7 39. c4
Ra6 40. Kf2 Rc6 41. Qe5+ Kf7 42. Qd5+ Ke7 43. c5 h5 44. Kg3 Re6 45. Kh4 Bc6 46.
Qd2 Be4 47. Kg5 Rc6 48. g3 Kf7 49. Qd4 Ke7 50. h4 Kf7 51. Kh6 Bf3 52. Qd7+ Kf8
53. Qd8+ Kf7 54. Kh7 Be4 55. Qd7+ Kf8 56. Qg7+ Ke8 57. Qe5+ Kf7 58. Qg7+ Ke8 59.
Qxg6+ Rxg6 60. Kxg6 Ke7 61. Kxh5 Kf6 62. Kh6 Bf3 63. h5 Be4 64. Kh7 Kf7 65. h6
Bf3 66. Kh8 Kg6 67. Kg8 Kxh6 68. Kf7 Kh5 69. Kf6 Kg4 70. Ke6 Be4 71. Ke5 Kxg3
72. c6 Kg4 73. c7 Bb7 {White resigns} 0-1

[Event "Team 45 45 League T50"]
[Site "Internet Chess Club"]
[Date "2011.09.04"]
[Round "4"]
[White "kabindra"]
[Black "kasperloff"]
[Result "0-1"]
[WhiteElo "1725"]
[BlackElo "1967"]
[Opening "Caro-Kann: advance variation"]
[ECO "B12"]
[Time "11:01:08"]
[TimeControl "2700+45"]

1. e4 c6 2. d4 d5 3. e5 Bf5 4. Nf3 e6 5. Be2 Ne7 6. h4 Nd7 7. a3 c5 8. c3 Nc6 9.
Nbd2 c4 10. h5 h6 11. b3 b5 12. b4 a5 13. Bb2 Be7 14. Nf1 O-O 15. Ng3 Bh7 16.
Qd2 f6 17. Nh4 fxe5 18. Ng6 Bxg6 19. hxg6 exd4 20. Bg4 Bg5 21. Qe2 Nde5 22.
Bxe6+ Kh8 23. O-O d3 24. Qh5 Rf6 25. Bf5 Bf4 26. Qh3 Qf8 27. Be6 Rxg6 28. Bxd5
Qd6 29. Be4 Rf6 30. Nh5 Rff8 31. Nxf4 Rxf4 32. f3 Raf8 33. Rad1 Qf6 34. Bc1 Rh4
35. Qg3 axb4 36. axb4 Ne7 37. Be3 Rh5 38. Bd4 Rg5 39. Qh2 Qf4 40. Qh3 N7g6 41.
Bxg6 Rxg6 42. Rde1 Nc6 43. Bc5 Ra8 44. Rf2 Kh7 45. Be3 Qf6 46. Rc1 Qe6 47. Qxe6
Rxe6 48. Bc5 Kg6 49. f4 Kf5 50. Kf1 g6 51. g3 h5 52. Kg2 Ne7 53. Kf3 Nd5 54. Bd4
Ra3 55. Rh2 Nf6 56. Rhh1 Ra2 57. Ra1 Ree2 58. Rhe1 Ng4 59. Rxe2 Rxa1 60. Rd2
Rf1+ 61. Kg2 Re1 62. Kf3 Rc1 63. Ra2 Rc2 64. Ra5 Nh2+ {White resigns} 0-1

[Event "Team 45 45 League T50"]
[Site "Internet Chess Club"]
[Date "2011.09.03"]
[Round "4"]
[White "Sensei"]
[Black "searchforbobby1"]
[Result "1/2-1/2"]
[WhiteElo "2352"]
[BlackElo "2197"]
[Opening "Queen's Indian: Nimzovich variation (exaggerated fianchetto)"]
[ECO "E15"]
[Time "18:05:16"]
[TimeControl "2700+45"]

1. d4 e6 2. c4 Nf6 3. Nf3 b6 4. g3 Ba6 5. b3 b5 6. cxb5 Bxb5 7. Bg2 d5 8. O-O
Nbd7 9. Nc3 Ba6 10. Ne5 Bd6 11. Nc6 Qc8 12. a3 O-O 13. Bg5 Qe8 14. Qd2 Nb6 15.
Na5 c5 16. dxc5 Bxc5 17. Bxf6 gxf6 18. Rfc1 Rc8 19. b4 Bd6 20. e4 Rxc3 21. Qxc3
Be5 22. Qf3 dxe4 23. Qxe4 Bxa1 24. Rxa1 Qd7 25. Qg4+ Kh8 26. Rd1 Qc7 27. Qd4 Kg7
28. Bf3 Rc8 29. Kg2 Qe5 30. Nc6 Qxd4 31. Rxd4 Rc7 32. Rg4+ Kf8 33. Rh4 Kg7 34.
Nd4 {Game drawn by mutual agreement} 1/2-1/2

[Event "Team 45 45 League T50"]
[Site "Internet Chess Club"]
[Date "2011.09.04"]
[Round "4"]
[White "screamingeagle"]
[Black "saychess"]
[Result "0-1"]
[WhiteElo "1967"]
[BlackElo "2131"]
[Opening "Petrov three knights game"]
[ECO "C42"]
[Time "21:35:57"]
[TimeControl "2700+45"]

1. e4 e5 2. Nf3 Nf6 3. Nc3 Bb4 4. Bc4 d6 5. O-O Bg4 6. a3 Bc5 7. b4 Bd4 8. h3
Bh5 9. Re1 Qd7 10. Rb1 g5 11. Be2 Bxf3 12. Bxf3 h5 13. Nd5 Nxd5 14. exd5 Qf5 15.
Bb2 Bb6 16. d4 Nd7 17. c4 g4 18. hxg4 hxg4 19. Bxg4 Qh7 20. Bh3 O-O-O 21. c5
Rdg8 22. Kf1 Qg6 23. Qf3 e4 24. Qxe4 Rxh3 25. gxh3 f5 26. Qh1 Nf6 27. cxb6 axb6
28. Re6 f4 29. Rc1 Qd3+ 30. Ke1 Nxd5 31. Re2 f3 32. Rd2 Re8+ 33. Kd1 Qb3+ 34.
Rcc2 Nf4 35. Qf1 Re2 36. h4 Kb8 37. h5 Nd3 38. Rxe2 Nxb2+ 39. Kc1 fxe2 40. Qxe2
Na4 41. Qe3 Qf7 42. h6 b5 43. Qg5 Qe6 44. Qe3 Qg6 45. Re2 Ka7 46. f4 Qxh6 47. f5
Qh1+ 48. Re1 Qg2 49. Qe2 Qg5+ 50. Kc2 Qxf5+ 51. Kb3 Qd5+ 52. Kc2 Qa2+ 53. Kd3
Qxa3+ 54. Kd2 Qc3+ {White resigns} 0-1

[Event "Team 45 45 League T50"]
[Site "Internet Chess Club"]
[Date "2011.09.03"]
[Round "4"]
[White "robertoalvarez"]
[Black "jefferyx"]
[Result "1-0"]
[WhiteElo "2015"]
[BlackElo "2114"]
[Opening "Réti opening"]
[ECO "A30"]
[Time "11:02:43"]
[TimeControl "2700+45"]

1. Nf3 c5 2. c4 Nc6 3. Nc3 g6 4. d4 cxd4 5. Nxd4 Bg7 6. e3 Nf6 7. Be2 O-O 8. O-O
Nxd4 9. exd4 d5 10. Re1 Be6 11. c5 b6 12. cxb6 axb6 13. Bf4 Ne4 14. Nb5 Qd7 15.
f3 Nd6 16. Nxd6 exd6 17. a4 Rfc8 18. Bb5 Qd8 19. Qd2 Bd7 20. Bxd7 Qxd7 21. b3
Rc6 22. Rac1 Rac8 23. Rxc6 Qxc6 24. Rc1 Qxc1+ 25. Qxc1 Bxd4+ 26. Kf1 Rxc1+ 27.
Bxc1 Kf8 28. Ke2 Ke7 29. Kd3 Bg1 30. Be3 Bxh2 31. Bxb6 Kd7 32. Bd4 Be5 33. b4 f5
34. b5 g5 35. Be3 g4 36. f4 Bf6 37. a5 h5 38. a6 Kc8 39. Ba7 {Black resigns} 1-0

[Event "Team 45 45 League T50"]
[Site "Internet Chess Club"]
[Date "2011.09.05"]
[Round "4"]
[White "perikitosax"]
[Black "Turzo"]
[Result "1/2-1/2"]
[WhiteElo "1980"]
[BlackElo "2316"]
[Opening "Benoni defense"]
[ECO "A61"]
[Time "10:03:39"]
[TimeControl "2700+45"]

1. d4 Nf6 2. c4 c5 3. d5 e6 4. Nc3 exd5 5. cxd5 d6 6. Nf3 g6 7. Bf4 Bg7 8. Qa4+
Bd7 9. Qb3 Qc7 10. e4 O-O 11. Nd2 Nh5 12. Be3 f5 13. exf5 gxf5 14. Be2 f4 15.
Bxc5 f3 16. Bxf3 Nf4 17. Nce4 Ba4 18. Bxd6 Qa5 19. Qc4 Bb5 20. Qc7 Nd3+ 21. Kf1
Nf4+ 22. Ke1 Nd3+ 23. Kf1 Nf4+ 24. Ke1 Nd3+ {Game drawn by mutual agreement}
1/2-1/2

[Event "Team 45 45 League T50"]
[Site "Internet Chess Club"]
[Date "2011.09.04"]
[Round "4"]
[White "mers37"]
[Black "bogolijubov"]
[Result "1-0"]
[WhiteElo "2009"]
[BlackElo "1762"]
[Opening "English opening"]
[ECO "A05"]
[Time "17:20:04"]
[TimeControl "2700+45"]

1. Nf3 Nf6 2. c4 g6 3. g3 Bg7 4. Bg2 d5 5. cxd5 Nxd5 6. e4 Nb4 7. O-O N8c6 8.
Nc3 O-O 9. b3 Qd3 10. Bb2 Bg4 11. h3 Bxf3 12. Bxf3 Nd4 13. Bg2 Rad8 14. a3 Nbc6
15. Rb1 Ne5 16. f4 Qxg3 17. fxe5 Bxe5 18. Qg4 Qh2+ 19. Kf2 Ne6 20. Nd5 Bxb2 21.
Rxb2 Qe5 22. Ra2 Nc5 23. b4 Qd4+ 24. Kg3 Qe5+ 25. Qf4 Nd3 26. Qxe5 Nxe5 {Black
resigns} 1-0